 Seeded DCSS version 0.29-a0-973-gac7da5f7f0 (webtiles) character file.

Game seed: 7777777 (custom seed)

337 purpskrrrp the Shooter (level 6, -16/30 HPs)
             Began as a Spriggan Hunter on July 31, 2022.
             Killed by an exploding hound (33 damage)
             ... ignited by their inner flame
             ... on level 4 of the Dungeon.
             The game lasted 00:11:58 (3476 turns).

purpskrrrp the Shooter (Spriggan Hunter)            Turns: 3476, Time: 00:12:02

Health: -16/30     AC:  2    Str:  7    XL:     6   Next: 28%
Magic:  7/7        EV: 18    Int: 11    God:
Gold:   204        SH:  0    Dex: 20    Spells: 5/5 levels left

rFire   . . .      SeeInvis +   a - +0 shortbow
rCold   . . .      Faith    .   (shield currently unavailable)
rNeg    . . .      Spirit   .   c - +0 robe
rPois   .          Reflect  .   (helmet restricted)
rElec   .          Harm     .   n - scarf {shadows}
rCorr   .          Rampage  .   (gloves unavailable)
Will    +....                   (boots unavailable)
Stlth   ++........              (no amulet)
HPRegen 0.10/turn               (no ring)
MPRegen 0.10/turn               (no ring)

@: very quick
A: very small, no large weapons, unfitting armour, see invisible, speed 3
a: no special abilities


You were on level 4 of the Dungeon.
You visited 1 branch of the dungeon, and saw 4 of its levels.

You collected 204 gold pieces.

Inventory:

Hand Weapons
 a - a +0 shortbow (weapon)
 m - a +4 short sword
Missiles
 f - a throwing net (quivered)
 y - 2 poisoned darts
Armour
 c - a +0 robe (worn)
 n - a scarf of shadows (worn)
 x - a +1 cloak
Wands
 p - a wand of flame (14)
Scrolls
 b - a scroll of immolation
 i - a scroll of poison {unknown}
 j - a scroll of magic mapping {unknown}
 o - 3 scrolls of fog {unknown}
 r - a scroll of fear {unknown}
 v - a scroll of identify {unknown}
 w - a scroll of vulnerability {unknown}
Potions
 d - a potion of might {unknown}
 e - a potion of lignification {unknown}
 g - 7 potions of curing {unknown}
 h - 3 potions of haste {unknown}
 k - a potion of invisibility {unknown}
 l - a potion of brilliance {unknown}
 q - a potion of mutation {unknown}
 s - a potion of attraction {unknown}
 t - a potion of degeneration {unknown}
 u - a potion of cancellation {unknown}
 z - a potion of flight {unknown}


   Skills:
 - Level 1.7 Fighting
 + Level 7.5 Ranged Weapons
 - Level 3.0 Dodging
 - Level 1.6 Stealth


You had 5 spell levels left.
You didn't know any spells.
Your spell library contained the following spells:

 Spells                   Type           Power      Damage    Failure   Level
 Magic Dart               Conj           0%         1d3       34%         1
 Call Imp                 Summ           0%         N/A       47%         2
 Mephitic Cloud           Conj/Pois/Air  0%         N/A       71%         3
 Ozocubu's Armour         Ice            0%         N/A       71%         3
 Portal Projectile        Hex/Tloc       0%         N/A       71%         3
 Tukima's Dance           Hex            0%         N/A       71%         3
 Passage of Golubria      Tloc           0%         N/A       98%         4
 Blade Hands              Tmut           0%         N/A       100%        5
 Yara's Violent Unravell  Hex/Tmut       0%         3d3       100%        5
 Ozocubu's Refrigeration  Ice            0%         4d5       100%        7


Dungeon Overview and Level Annotations

Branches:
Dungeon (4/15)
 Temple: D:4-7

Altars:
Sif Muna


Innate Abilities, Weirdness & Mutations

You are very small and have problems with some larger weapons.
You are too small for most types of armour.
You have supernaturally acute eyesight. (SInv)
You cover ground extremely quickly. (Speed+++)


Message History

An iguana comes into view.
A gnoll comes into view. It is wielding a +2 mace of draining.
A hound comes into view.
A gnoll comes into view. It is wielding a +0 whip.
The gnoll completely misses you.
Okay, then.
Unknown command.
What are your orders? t - Shout!
Orders for allies: a - Attack new target. p - Attack previous target. r - Retreat! s - Stop attacking. g - Guard the area. f - Follow me.
Anything else - Cancel.
Okay, then.
Really read the scroll of immolation?
As you read the scroll of immolation, it crumbles to dust.
The creatures around you are filled with an inner flame!
The gnoll barely misses you.
You shoot an arrow. The arrow hits the gnoll.
Flame seeps out of the gnoll.
The gnoll is moderately wounded.
The gnoll is engulfed in blazing flames.
Flame seeps out of the gnoll.
The gnoll closely misses you.
Found a shiny helmet.
The gnoll closely misses you. The gnoll closely misses you.
You shoot an arrow. The arrow hits the hound!
Flame seeps out of the hound.
The hound is heavily wounded.
The hound is engulfed in blazing flames.
Flame seeps out of the hound.
You see here a +2 helmet.
The gnoll closely misses you.
The gnoll hits the bush with a +0 whip.
Found 15 gold pieces.
You shoot an arrow. The arrow hits the hound.
The hound explodes!
The fiery explosion engulfs the gnoll!!
The fiery explosion engulfs the bush!!
The bush is on fire!
The bush is moderately damaged.
The tree burns like a torch!
The fiery explosion engulfs you!!
Ouch! That really hurt!
You die...

#.... # #...# #.##
#...## ...##.
###....###......
#..............$
##..[..g....#....
####.......§§##.....
#...##..gg.§§§......
#...#...gPPP§@......
#........P..........
###........$.>......
##.......#........
#.....#...=......
##...)...........
#...)<..........
.....#..#.......
....l...#.......


You could see 3 gnolls.

Vanquished Creatures
  A phantom (D:3)
  A hound (D:4)
  Jessica (D:2)
  An orc wizard (D:3)
  Natasha (thrice) (D:2)
  A gnoll (D:4)
  2 adders
  5 worms (D:2)
  6 dart slugs
  2 orcs
  8 bats
  6 endoplasms
  2 giant cockroaches (D:3)
  11 goblins
  5 hobgoblins
  6 jackals
  7 kobolds
  5 quokkas
  6 ball pythons
  5 frilled lizards
  6 rats
90 creatures vanquished.

Vanquished Creatures (others)
  A fungus (D:1)
1 creature vanquished.

Grand Total: 91 creatures vanquished

Notes
Turn   | Place    | Note
-------+----------+-------------------------------------------
     0 | D:1      | purpskrrrp the Spriggan Hunter began the quest for the Orb.
     0 | D:1      | Reached XP level 1. HP: 10/10 MP: 2/2
   179 | D:1      | Reached XP level 2. HP: 15/15 MP: 3/3
   180 | D:1      | Found a faded altar of an unknown god.
  1090 | D:2      | Reached XP level 3. HP: 18/18 MP: 4/4
  1172 | D:2      | Reached skill level 5 in Ranged Weapons
  1262 | D:2      | Noticed Natasha
  1272 | D:2      | Killed Natasha
  1368 | D:2      | Noticed Natasha
  1378 | D:2      | Killed Natasha
  1379 | D:2      | Reached XP level 4. HP: 8/23 MP: 5/5
  1385 | D:2      | Noticed Natasha
  1393 | D:2      | Killed Natasha
  1394 | D:2      | Reached skill level 6 in Ranged Weapons
  1825 | D:2      | Reached XP level 5. HP: 23/26 MP: 6/6
  1913 | D:2      | Noticed Jessica
  1922 | D:2      | Killed Jessica
  2791 | D:3      | Noticed a phantom
  2796 | D:3      | Killed a phantom
  2797 | D:3      | Reached skill level 7 in Ranged Weapons
  2797 | D:3      | Reached XP level 6. HP: 30/30 MP: 7/7
  2830 | D:3      | Found a shimmering blue altar of Sif Muna.
  3476 | D:4      | Killed by an exploding hound... ignited by their inner
                  | flame

Illustrated notes

Levels and vault maps discovered:
D:1:      dpeg_arrival_central, layout_basic, shapermc_ecumenical_altar_gd,
          minmay_tree_intersection, kennysheep_pointless_box, minmay_tromino_i2
D:2:      kennysheep_six_static_rooms, layout_basic, serial_glass,
          glass_columns_a, glass_columns_a, kennysheep_generic_room_16,
          uniq_natasha, uniq_jessica
D:3:      layout_rooms, kennysheep_orc_sif_temple
D:4:      layout_cave_pools, serial_shops, nicolae_square_shop, serial_park,
          serial_park_tiny_2, serial_park_paths [serial_park_minivault_5x5_4],
          serial_park_square3 [serial_park_minivault_5x5_4], serial_park_square1
          [serial_park_minivault_5x5_5], serial_park_tiny_1,
          corexii_leaking_fountain

Skill      XL: |  1  2  3  4  5 |
---------------+----------------+-----
Dodging        | 3 |  3.0
Ranged Weapons | 5 6 7 |  7.5
Fighting       | |  1.7
Stealth        | |  1.6

Action                   |  1- 3 |  4- 6 || total
-------------------------+-------+-------++-------
 Fire: Shortbow          |    79 |   184 ||   263
Throw: Throwing net      |     1 |     1 ||     2
  Use: Scroll            |     1 |     1 ||     2
Armor: Robe              |       |    16 ||    16
Dodge: Dodged            |    16 |   112 ||   128

Table legend: (Time is in decaauts)
 A = Elapsed time spent in this place.
 B = Non-inter-level travel time spent in this place.
 C = Inter-level travel time spent in this place.
 D = Time resting spent in this place.
 E = Time spent auto-exploring this place.
 F = Levels seen in this place.
 G = Mean time per level.
                   A        B        C        D        E       F      G
               +--------+--------+--------+--------+--------+-----+--------+
         Total |   2667 |   2617 |     50 |    501 |   1605 |   4 |  666.8 |
       Dungeon |   2667 |   2617 |     50 |    501 |   1605 |   4 |  666.8 |
               +--------+--------+--------+--------+--------+-----+--------+

Top non-repeatable levels by time:
     D:2: 1241 daAuts
     D:1: 644 daAuts
     D:3: 585 daAuts
     D:4: 196 daAuts
